 Dungeon Crawl Stone Soup version 0.31-a0-662-g684573625c (webtiles) character file.

Game seed: 12954183650334011602

1831 holysushi the Slicer (level 9, 0/43 HPs)
             Began as a Vine Stalker Monk on Sept 1, 2023.
             Was a Believer of Wu Jian.
             Slain by a killer bee (2 damage)
             ... on level 6 of the Dungeon.
             The game lasted 00:09:40 (5533 turns).

holysushi the Slicer (Vine Stalker Monk)            Turns: 5533, Time: 00:09:40

Health: 0/43       AC:  3    Str: 15    XL:     9   Next: 11%
Magic:  0/5        EV: 14    Int: 10    God:    Wu Jian [**....]
Gold:   190        SH:  0    Dex: 20    Spells: 14/14 levels left

rFire   . . .        a - +5 quick blade "Qosmublo" {antimagic, rPois}
rCold   . . .        (no shield)
rNeg    . . .        b - +1 robe
rPois   +            (no helmet)
rElec   .            (no cloak)
rCorr   .            (no gloves)
SInv    +            (no boots)
Will    +....        w - amulet of the acrobat
Stlth   +++          e - ring of poison resistance
HPRegen 1.07/turn    g - ring of see invisible
MPRegen 0.09/turn

%: acrobat, guardian spirit
@: hasted, very quick
A: fangs 3, regeneration 1, magic shield, antimagic bite, no potion heal 2
a: Renounce Religion, Wall Jump


You were on level 6 of the Dungeon.
You worshipped Wu Jian.
Wu Jian was pleased with you.
You visited 2 branches of the dungeon, and saw 8 of its levels.

You collected 234 gold pieces.
You spent 44 gold pieces at shops.

Inventory:

Hand Weapons
 a - the +5 quick blade "Qosmublo" (weapon) {antimagic, rPois}
   (You acquired it on level 5 of the Dungeon)

   rPois:     It protects you from poison
Missiles
 f - a throwing net
Armour
 b - a +1 robe (worn)
 d - an orb of light
 v - a +0 kite shield
Jewellery
 e - a ring of poison resistance (left hand)
 g - a ring of see invisible (right hand)
 k - a ring of ice
 w - an amulet of the acrobat (around neck)
Wands
 p - a wand of mindburst (1)
 r - a wand of flame (22)
 u - a wand of polymorph (9)
Scrolls
 l - 4 scrolls of identify
 m - a scroll of torment {unknown}
 s - a scroll of fog
 t - 2 scrolls of amnesia
Potions
 c - a potion of ambrosia
 h - a potion of attraction
 i - 2 potions of curing
 j - a potion of haste
 n - a potion of degeneration {unknown}
 o - a potion of magic {unknown}
 q - a potion of invisibility {unknown}
 x - a potion of resistance {unknown}


   Skills:
 - Level 2.6 Fighting
 + Level 9.5 Short Blades
 + Level 3.3 Dodging
 - Level 3.0 Stealth
 - Level 3.4 Spellcasting
 - Level 2.0 Evocations


You had 14 spell levels left.
You didn't know any spells.
Your spell library contained the following spells:

 Spells                   Type           Power      Damage    Failure   Level
 Freeze                   Ice            4%         1d3       26%         1
 Ensorcelled Hibernation  Hex/Ice        2%         N/A       38%         2
 Passwall                 Tmut/Erth      0%         N/A       38%         2
 Frozen Ramparts          Ice            2%         1d1       63%         3
 Hailstorm                Conj/Ice       1%         3d3       63%         3
 Swiftness                Air            1%         N/A       63%         3


Dungeon Overview and Level Annotations

Branches:
Dungeon (7/15) Zot: 26916  Temple (1/1) D:5 Zot: 5973

Altars:
Ashenzari
Cheibriados
Dithmenos
Elyvilon
Fedhas
Hepliaklqana
Kikubaaqudgha
Makhleb
Nemelex Xobeh
Okawaru
Qazlal
Ru
Sif Muna
Trog
Vehumet
Wu Jian
Xom
Yredelemnul
Zin
The Shining One

Shops:
D:4 *[*   D:5 (


Innate Abilities, Weirdness & Mutations

You have razor-sharp teeth.
Your natural rate of healing is unusually fast.
When hurt, damage is shared between your health and your magic reserves.
Your bite disrupts and absorbs the magic of your enemies.
Potions cannot restore your health.


Message History

The killer bee stings you.
You spin and attack the killer bee.
You hit the killer bee.
You hit the killer bee but do no damage.
The killer bee is heavily wounded.
The unseen horror hits you! The killer bee stings you. x2
The killer bee attacks as it pursues you!
The killer bee completely misses you. The killer bee stings you.
There is a stone staircase leading up, spattered with blood here.
The unseen horror completely misses you.
The killer bee stings you. x2
* * * LOW HITPOINT WARNING * * *
You climb upwards.
There is a stone staircase leading down here.
You spin and attack the killer bee.
You hit the killer bee. Your bite misses the killer bee.
You closely miss the killer bee.
The killer bee is severely wounded.
You spin and attack the unseen horror repeatedly.
You hit the unseen horror.
You bite the unseen horror, but do no damage.
You hit the unseen horror.
The unseen horror is moderately wounded.
You hit the unseen horror but do no damage.
You bite the unseen horror. You drain its power.
You feel invigorated.
You hit the unseen horror.
The unseen horror is heavily wounded.
The unseen horror hits you!
* * * LOW HITPOINT WARNING * * *
The killer bee stings you.
* * * LOW HITPOINT WARNING * * *
You are lethally poisoned!
The killer bee poisons you! The killer bee barely misses you.
Okay, then.
Your system rejects the healing.
You feel better. The unseen horror closely misses you.
The killer bee misses you. x2
Okay, then.
You feel yourself speed up. The unseen horror misses you.
The unseen horror hits you.
* * * LOW HITPOINT WARNING * * *
The killer bee stings you.
You die...

######### ##### ##...#.<.## #...#
##.........## #...# #...........#
#...# #...........###...##
############..................###
...............y......###..<.....
....######.....>@........♣'♣♣♣+♣.
.....# #..#.##.x.#####..♣.....♣.
.....# #.##......# #..♣.###.♣.
.....####........## #..♣.....♣.
....###.......#########..+.._..'.
..>...........#####......♣.....♣#
....................###..♣.###.♣
.......##.########### #..♣.....♣
#.........# ##..♣+♣♣♣'♣


You could see an unseen horror (invisible) and a killer bee.

Vanquished Creatures
  Sigmund (D:4)
  Menkaure (D:4)
  A water moccasin (D:5)
  A black bear (D:6)
  An ogre (D:5)
  3 phantoms
  Blork the orc (D:6)
  3 scorpions (D:5)
  A bullfrog (D:5)
  3 hounds
  2 jellies
  2 orc priests (D:5)
  A sleepcap (D:5)
  Ijyb (D:5)
  Natasha (thrice) (D:4)
  5 iguanas
  An orc wizard (D:6)
  5 gnolls
  7 adders
  3 shadow imps
  2 ufetubi (D:6)
  2 worms
  3 dart slugs
  13 orcs
  7 bats
  8 endoplasms
  A giant cockroach (D:4)
  8 goblins
  6 hobgoblins
  4 jackals (D:2)
  7 kobolds
  3 quokkas
  6 ball pythons
  3 frilled lizards (D:1)
  4 rats
123 creatures vanquished.

Notes
Turn   | Place    | Note
-------+----------+-------------------------------------------
     0 | D:1      | holysushi the Vine Stalker Monk began the quest for the
                  | Orb.
     0 | D:1      | Reached XP level 1. HP: 11/11 MP: 2/2
    57 | D:1      | Reached skill level 3 in Short Blades
   104 | D:1      | Reached XP level 2. HP: 13/16 MP: 3/3
   332 | D:1      | Reached XP level 3. HP: 19/19 MP: 4/4
   704 | D:2      | Reached skill level 4 in Short Blades
   972 | D:2      | Reached XP level 4. HP: 21/23 MP: 5/5
  1929 | D:4      | Noticed Sigmund
  1933 | D:4      | Killed Sigmund
  1934 | D:4      | Reached skill level 6 in Short Blades
  1934 | D:4      | Reached XP level 5. HP: 20/27 MP: 3/6
  1934 | D:4      | Reached XP level 6. HP: 24/32 MP: 3/7
  1934 | D:4      | Identified the +5 ring mail "Gije" {*Slow +Inv rN+ rCorr}
  2100 | D:4      | Found Ytuaqa's Armour Shop.
  2112 | D:4      | Reached skill level 1 in Evocations
  2156 | D:4      | Found Nichal's General Store.
  2178 | D:4      | Noticed Menkaure
  2708 | D:4      | Found Ecust's General Store.
  2712 | D:4      | Bought a scroll of identify for 22 gold pieces
  2712 | D:4      | Bought a scroll of identify for 22 gold pieces
  2756 | D:4      | Noticed Natasha
  2766 | D:4      | Killed Natasha
  2767 | D:4      | Reached XP level 7. HP: 22/35 MP: 4/8
  2792 | D:4      | Noticed Natasha
  2801 | D:4      | Killed Natasha
  3076 | D:4      | Killed Menkaure
  3077 | D:4      | Reached skill level 7 in Short Blades
  3174 | D:4      | Found Nichal's General Store.
  3209 | D:4      | Found Ytuaqa's Armour Shop.
  3304 | D:4      | Noticed Natasha
  3317 | D:4      | Killed Natasha
  3424 | D:4      | Found Ecust's General Store.
  3644 | D:5      | Entered Level 5 of the Dungeon
  3775 | D:5      | Found Katsis's Weapon Shoppe.
  3926 | D:5      | Reached skill level 8 in Short Blades
  3926 | D:5      | Gained mutation: You have razor-sharp teeth. [Vine Stalker
                  | growth]
  3926 | D:5      | Reached XP level 8. HP: 37/39 MP: 9/9
  4092 | D:5      | Noticed Ijyb
  4094 | D:5      | Killed Ijyb
  4118 | D:5      | Found a shimmering altar of Xom.
  4146 | D:5      | Found a staircase to the Ecumenical Temple.
  4155 | Temple   | Entered the Ecumenical Temple
  4168 | Temple   | Became a worshipper of the Wu Jian Council
  4168 | Temple   | Reached * piety under Wu Jian
  4168 | Temple   | Reached ** piety under Wu Jian
  4192 | D:5      | Reached skill level 9 in Short Blades
  4241 | D:6      | Reached skill level 1 in Spellcasting
  4345 | D:5      | Found a basalt altar of Yredelemnul.
  4416 | D:5      | Reached skill level 1 in Stealth
  4615 | D:5      | Identified a scroll of acquirement
  4615 | D:5      | Acquired the +5 quick blade "Qosmublo" {antimagic, rPois}
  4765 | D:3      | Found a bloodstained altar of Trog.
  4865 | D:3      | Found a white marble altar of Elyvilon.
  5108 | D:6      | Noticed Blork the orc
  5177 | D:6      | Found an iron altar of Okawaru.
  5202 | D:6      | Found a snail-covered altar of Cheibriados.
  5245 | D:6      | Reached XP level 9. HP: 43/43 MP: 4/14
  5322 | D:6      | Killed Blork the orc
  5520 | D:7      | Noticed an unseen horror
  5533 | D:6      | HP: 2/43 [unseen horror (3)]
  5533 | D:6      | Slain by a killer bee

Illustrated notes

Levels and vault maps discovered:
D:1:      minmay_arrival_loop, layout_basic
D:2:      layout_basic, dk_noncrumbling_2
D:3:      layout_loops_ring, elyvilon_altar_3, trog_antimagical,
          serial_park_tiny_2
D:4:      layout_loops_ring, serial_shops, shop, nicolae_shop_hallway_stairs,
          shop, minmay_surrounded, uniq_menkaure, uniq_sigmund, uniq_natasha
D:5:      minmay_general_purpose_star, layout_basic,
          mainiacjoe_overflow_small_starburst, mainiacjoe_overflow_boulevard,
          minmay_temple_entry_mini_moons, serial_shops, shop, uniq_ijyb
D:6:      layout_rooms, mainiacjoe_overflow_six_doors_small,
          kennysheep_slug_shrine, minmay_between, uniq_blork_the_orc
D:7:      hangedman_cross_stitches, layout_gridville, serial_shops,
          nicolae_shop_window_shopping, grunt_ministairs_5,
          kennysheep_cross_bottleneck, serial_bayou_pond_d, uniq_maggie,
          uniq_duvessa
Temple:   zaba_magenta_temple

Skill      XL: |  1  2  3  4  5  6  7  8  9 |
---------------+----------------------------+-----
Short Blades   | 3 4 6 8 9 |  9.5
Evocations     | 2 |  2.0
Spellcasting   | 3 |  3.4
Stealth        | 2 3 |  3.0
Dodging        | 3 |  3.3
Fighting       | |  2.6

Action                     |  1- 3 |  4- 6 |  7- 9 || total
---------------------------+-------+-------+-------++-------
  Melee: Short sword       |    83 |    83 |   176 ||   342
         Bite              |    28 |    30 |    84 ||   142
         Punch             |       |     2 |     1 ||     3
         Quick blade       |       |       |   105 ||   105
Ability: Whirlwind         |       |       |    36 ||    36
         Lunge             |       |       |    14 ||    14
  Evoke: Wand              |       |    12 |    15 ||    27
    Use: Scroll            |       |     6 |     5 ||    11
         Potion            |       |       |     2 ||     2
   Stab: Sleeping          |       |     3 |     2 ||     5
         Distracted        |       |       |     2 ||     2
 Armour: Robe              |    27 |    31 |    73 ||   131
  Dodge: Dodged            |    44 |    31 |   100 ||   175

Table legend: (Time is in decaauts)
 A = Elapsed time spent in this place.
 B = Non-inter-level travel time spent in this place.
 C = Inter-level travel time spent in this place.
 D = Time resting spent in this place.
 E = Time spent auto-exploring this place.
 F = Levels seen in this place.
 G = Mean time per level.
                   A        B        C        D        E       F      G
               +--------+--------+--------+--------+--------+-----+--------+
         Total |   5437 |   5087 |    350 |    419 |   3609 |   8 |  679.6 |
       Dungeon |   5410 |   5074 |    336 |    419 |   3609 |   7 |  772.9 |
        Temple |     26 |     12 |     14 |      0 |      0 |   1 |   26.0 |
               +--------+--------+--------+--------+--------+-----+--------+

Top non-repeatable levels by time:
     D:4: 1807 daAuts
     D:2: 909 daAuts
     D:5: 869 daAuts
     D:3: 762 daAuts
     D:1: 579 daAuts
     D:6: 401 daAuts
     D:7: 79 daAuts
  Temple: 26 daAuts
